 Dungeon Crawl Stone Soup version 0.28-a0-612-gcfc00ec14d (webtiles) character file.

Game seed: 16790650120340245777

541021 robertstho the Archmage (level 26, -5/173 HPs)
             Began as a Djinni Fire Elementalist on Oct 4, 2021.
             Was an Initiate of Gozag.
             Killed from afar by an ice dragon (17 damage)
             ... with a blast of cold
             ... on level 3 of the Depths on Oct 5, 2021.
             The game lasted 02:54:37 (74501 turns).

robertstho the Archmage (Djinni Fire Elementalist) Turns: 74501, Time: 02:54:37

Health: -5/173     AC: 35    Str: 15      XL:     26   Next: 61%
Gold:   6035       EV: 10    Int: 34 (35) God:    Gozag SH:  9 Dex: 13

rFire   + + .      SeeInvis +   f - +6 long sword of Ralaoq {spect, Int+8 Dex-5 Stlth+}
rCold   . . .      Faith    .   c - +3 warlock's mirror {reflect}
rNeg    + . .      Spirit   .   k - +11 chain mail of Springtime {+Blink MP+9}
rPois   ∞          Reflect  +   P - +3 crown of Dyrovepreva {rElec Int+2 SInv}
rElec   +          Harm     .   q - scarf {repulsion}
rCorr   +          Rampage  .   j - +2 pair of gloves {Str+3}
Will    ++++.      Clarity  +   (boots unavailable)
Stlth   ++........              H - amulet of the Four Winds {rN+ Will+++ Clar}
HPRegen 0.38/turn               N - ring of Dawn {rC+ Will- rCorr Dex+2 SInv Stlth+}
MPRegen 0.00/turn               h - ring of Utzurrua {Fly AC+4 Str+3}

@: gold aura, flying, hasted, studying Dodging, repel missiles, unable to read,
very quick
A: sickness immunity, fire resistance 2, cold vulnerability 1, float, innate
caster, hp casting, extra vitality 1, clarity, dopey 1, frail 1, screaming 1,
strong 1, inability to read while threatened, MP-powered wands
}: 4/15 runes: barnacled, slimy, silver, gossamer
a: Renounce Religion, Evoke Blink, Potion Petition, Call Merchant, Bribe Branch


You were on level 3 of the Depths.
You worshipped Gozag.
Gozag was greatly pleased with you.
You visited 10 branches of the dungeon, and saw 49 of its levels.
You also visited: Ossuary, Bailey and Ice Cave.

You collected 27980 gold pieces.
You spent 6485 gold pieces at shops.
You paid 15460 gold pieces to Gozag.

Inventory:

Hand Weapons
 f - the +6 long sword of Ralaoq (weapon) {spect, Int+8 Dex-5 Stlth+}
   (You bought it in a shop on level 2 of the Orcish Mines)

   When its wielder attacks, the weapon's spirit leaps out and strikes again.
   The spirit shares a part of any damage it takes with its wielder.
   Int:       It affects your intelligence (+8).
   Dex:       It affects your dexterity (-5).
   Stlth:     It makes you more stealthy.
Missiles
 G - 2 throwing nets
Armour
 c - the +3 warlock's mirror (worn) {reflect}
   (You found it on level 5 of the Lair of Beasts)

   It can block and reflect piercing ranged attacks and magical attacks against
   the wielder's willpower.
 j - a +2 pair of gloves of strength (worn)
 k - the +11 chain mail of Springtime (worn) {+Blink MP+9}
   (You bought it in a shop on level 4 of the Spider Nest)

   MP:        It affects your magic capacity (+9).
   +Blink:    It lets you blink.
 q - a scarf of repulsion (worn)
 P - the +3 crown of Dyrovepreva (worn) {rElec Int+2 SInv}
   (You bought it in a shop on level 9 of the Dungeon)

   Int:       It affects your intelligence (+2).
   rElec:     It insulates you from electricity.
   SInv:      It lets you see invisible.
 R - a scarf of resistance
Jewellery
 h - the ring of Utzurrua (right hand) {Fly AC+4 Str+3}
   (You took it off a merfolk on level 4 of the Shoals)

   [ring of protection]

   AC:        It affects your AC (+4).
   Str:       It affects your strength (+3).
   Fly:       It grants you flight.
 v - the ring "Sogeshro" {rElec rF+ Int+6 Dex+3 Stlth+}
   (You found it on level 4 of the Dungeon)

   [ring of intelligence]

   Int:       It affects your intelligence (+6).
   Dex:       It affects your dexterity (+3).
   rF:        It protects you from fire.
   rElec:     It insulates you from electricity.
   Stlth:     It makes you more stealthy.
 x - the ring "Gyton" {rN+ MP+9 Dex-5 SInv Stlth+}
   (You found it in an ice cave)

   [ring of positive energy]

   Dex:       It affects your dexterity (-5).
   rN:        It protects you from negative energy.
   MP:        It affects your magic capacity (+9).
   SInv:      It lets you see invisible.
   Stlth:     It makes you more stealthy.
 A - a ring of protection from fire
 H - the amulet of the Four Winds (around neck) {rN+ Will+++ Clar}
   (You found it on level 13 of the Dungeon)

   [amulet of nothing]

   rN:        It protects you from negative energy.
   Clar:      It protects you against confusion.
   Will:      It greatly increases your willpower.
 N - the ring of Dawn (left hand) {rC+ Will- rCorr Dex+2 SInv Stlth+}
   (You took it off a deep elf blademaster on level 3 of the Elven Halls)

   [ring of resist corrosion]

   Dex:       It affects your dexterity (+2).
   rC:        It protects you from cold.
   SInv:      It lets you see invisible.
   rCorr:     It protects you from acid and corrosion.
   Will:      It decreases your willpower.
   Stlth:     It makes you more stealthy.
 S - the amulet "Eptiur" {Reflect rC+ rN+ Will++ Str+2 SH+5}
   (You took it off a deep elf pyromancer on level 3 of the Elven Halls)

   [amulet of reflection]

   It reflects blocked missile attacks.
   Str:       It affects your strength (+2).
   rC:        It protects you from cold.
   rN:        It protects you from negative energy.
   SH:        It affects your SH (+5).
   Will:      It greatly increases your willpower.
 V - the ring "Hevveohe" {Fire Will+ Str+6 Int+3}
   (You found it on level 13 of the Dungeon)

   [ring of fire]

   It enhances your fire magic.
   Str:       It affects your strength (+6).
   Int:       It affects your intelligence (+3).
   rF:        It protects you from fire.
   rC:        It makes you vulnerable to cold.
   Will:      It increases your willpower.
 X - a ring of protection from cold
 Y - the ring of Emmuy {AC+4 Str+2}
   (You found it on level 2 of the Lair of Beasts)

   [ring of protection]

   AC:        It affects your AC (+4).
   Str:       It affects your strength (+2).
Wands
 u - a wand of mindburst (37)
 y - a wand of acid (11)
 B - a wand of digging (27)
 J - a wand of iceblast (80)
Scrolls
 a - 4 scrolls of blinking
 b - 11 scrolls of fear
 i - 7 scrolls of holy word
 l - 6 scrolls of summoning
 m - 17 scrolls of enchant armour
 o - 7 scrolls of immolation
 r - 18 scrolls of identify
 s - 8 scrolls of fog
 w - 24 scrolls of teleportation
 C - 12 scrolls of enchant weapon
 I - 3 scrolls of torment
 M - 14 scrolls of vulnerability
 O - a scroll of brand weapon
 Q - 4 scrolls of magic mapping
 W - 2 scrolls of silence
Potions
 d - 4 potions of berserk rage
 g - 7 potions of might
 n - a potion of resistance
 p - 13 potions of curing
 z - 7 potions of haste
 D - 3 potions of invisibility
 E - 15 potions of ambrosia
 F - 10 potions of brilliance
 L - 8 potions of cancellation
Miscellaneous
 e - a tin of tremorstones (2/2)
 t - a condenser vane
 T - a lightning rod (4/4)


   Skills:
 * Level 17.9 Fighting
 + Level 3.8(5.8) Short Blades
 + Level 6.8(7.3) Long Blades
 + Level 15.1 Armour
 + Level 9.1 Dodging
 + Level 6.6 Stealth
 + Level 7.9 Shields
 O Level 27 Spellcasting
 + Level 1.7 Evocations


You had 5 spell levels left.
You knew the following spells:

 Your Spells              Type           Power      Damage    Failure   Level
a - Foxfire               Conj/Fire      100%       2x1d9     0%          1
b - Scorch                Fire           100%       2d10      0%          2
c - Conjure Flame         Conj/Fire      100%       6-21      0%          3
d - Inner Flame           Hex/Fire       100%       N/A       0%          3
e - Flame Wave            Conj/Fire      100%       3d16      0%          4
f - Animate Skeleton      Necr           100%       N/A       0%          1
g - Corpse Rot            Necr/Air       N/A        N/A       0%          2
h - Stone Arrow           Conj/Erth      100%       3d13      0%          3
i - Animate Armour        Summ/Erth      100%       N/A       0%          4
j - Iskenderun's Mystic   Conj/Tloc      100%       2d19      0%          4
k - Iskenderun's Battles  Conj           100%       2d15      0%          5
l - Dispersal             Tloc           62%        N/A       0%          6
m - Eringya's Noxious Bo  Tmut/Pois      62%        N/A       0%          6
n - Spellforged Servitor  Conj/Summ      62%        N/A       1%          7
o - Ignition              Fire           62%        3d17      1%          8
p - Summon Hydra          Summ           62%        N/A       1%          7
q - Summon Horrible Thin  Summ           62%        N/A       1%          8
Your spell library was empty.

Dungeon Overview and Level Annotations

Branches:
Dungeon (15/15)            Temple (1/1) D:5            Lair (6/6) D:9
 Shoals (4/4) Lair:2       Spider (4/4) Lair:2        Slime (5/5) Lair:6
    Orc (2/2) D:9             Elf (3/3) Orc:2        Vaults (5/5) D:13
  Crypt (0/3) Vaults:2     Depths (4/4) D:15        Ossuary (visited)
 Bailey (visited)           IceCv (visited)
    Zot: Depths:4

Altars:
Ashenzari
Cheibriados
Dithmenos
Elyvilon
Fedhas
Gozag
Hepliaklqana
Kikubaaqudgha
Makhleb
Nemelex Xobeh
Okawaru
Qazlal
Ru
Sif Muna
Trog
Uskayaw
Vehumet
Wu Jian
Xom
Yredelemnul
Zin
The Shining One
Beogh

Shops:
D:6 ?   D:9 [   D:10 *   D:14 ?   Orc:1 (   Orc:2 [((((   Elf:2 [   Elf:3 [
Lair:5 [   Shoals:1 =   Spider:4 [*   Vaults:1 *   Depths:1 (?[(

Portals:
Hell: Depths:1 Depths:2
Ziggurat: Depths:2

Annotations:
Spider:2 2 runed translucent doors, speeev33's ghost, adept MiBe
Elf:2 2 transporters, iamoutofideas's ghost, adept HOGl
Vaults:3 1 runed translucent door, 5 transporters, garrulousMonolith's ghost, veteran GnFi
Vaults:4 2 transporters, exclusion: orange crystal statue


Innate Abilities, Weirdness & Mutations

You are immune to sickness and miasma.
You are immune to poison.
Your flesh is very heat resistant. (rF++)
You are vulnerable to cold. (rC-)
You float through the air rather than walking.
You learn spells naturally, not from books.
Your magical power is your life essence.
You have superior vitality. (+4 HP)
You possess an exceptional clarity of mind.
You are dopey. (Int -2)
You are frail. (-10% HP)
You occasionally shout uncontrollably at your foes.
Your muscles are strong. (Str +2)
You sometimes lose the ability to read scrolls when taking damage.
You expend health (3 HP) to strengthen your wands.


Message History

Orders for allies: a - Attack new target. r - Retreat! s - Stop attacking. g - Guard the area. f - Follow me.
Anything else - Cancel.
Gang up on whom?
Press: ? - help, Dir - move target, f - tentacled monstrosity
Aim: a tentacled monstrosity (heavily wounded, ally target) Attack!
Your large abomination hits the tentacled monstrosity!
The tentacled monstrosity tentacle-slaps your large abomination!
The tentacled monstrosity barely misses your large abomination.
The tentacled monstrosity tentacle-slaps your large abomination!
The tentacled monstrosity grabs your large abomination.
The tentacled monstrosity constricts your large abomination!
Your large abomination hits the tentacled monstrosity!
Your large abomination hits the tentacled monstrosity!!
Your tentacled monstrosity tentacle-slaps the tentacled monstrosity!
The tentacled monstrosity dies!
Unknown command.
What are your orders? t - Yell!
Orders for allies: a - Attack new target. r - Retreat! s - Stop attacking. g - Guard the area. f - Follow me.
Anything else - Cancel.
Gang up on whom?
Press: ? - help, Dir - move target, f - ice dragon
Aim: an ice dragon (ally target) Attack!
The ice dragon is distracted by your dazzling golden aura.
Unknown command.
Your large abomination hits the ice dragon!!!
The ice dragon is no longer distracted by gold.
The ice dragon roars deafeningly!
The ice dragon breathes frost at you.
The blast of cold misses your eight-headed hydra.
The blast of cold hits you!
You feel threatened and lose the ability to read scrolls!
You die...
Your body crumbles into a pile of gold.

...§.≈§...#.......
.................≈..§.
................§.≈≈§.
#...........)....≈≈..
#..........$.>.......
$.##.............$.#...
.................$#
................$....
.......@..X.X.$...$..#
..........X.$.$$...#.#
#..##.....X...........
......XD...X........C
....#.DX............
.....#..............
.... ..............
.................≈
..≈..##......≈


You could see an ice dragon (catching breath, ally target), a friendly tentacled
monstrosity (summoned), a friendly eight-headed hydra (summoned) and 6 friendly
large abominations.

Vanquished Creatures
  Dissolution (Slime:4)
  the Royal Jelly (Slime:5)
  Xtahua (Vaults:3)
  Saint Roka (Vaults:4)
  Bai Suzhen (Spider:4)
  Nikola (Elf:3)
  Arachne (Spider:2)
  2 tentacled monstrosities
  5 liches
  5 deep elf blademasters (Elf:3)
  7 titans
  6 deep elf master archers (Elf:3)
  Asterion (Vaults:1)
  2 ancient champions
  20 acid blobs
  6 sphinxes
  3 shadow dragons
  4 tengu reavers
  3 storm dragons (Vaults:5)
  Donald (Spider:3)
  13 azure jellies
  7 frost giants
  2 daevas (Depths:2)
  9 rockslimes
  6 fire giants
  2 iron dragons
  An orc warlord (Bailey)
  2 emperor scorpions (Spider:4)
  Aizul (Spider:2)
  5 deep elf sorcerers (Elf:3)
  5 ghost moths
  13 vault wardens
  2 deep elf elementalists (Elf:3)
  A curse skull (Elf:1)
  9 quicksilver oozes
  A ghoul (Elf:1)
  A quicksilver ooze (shapeshifter) (Vaults:5)
  4 war gargoyles
  19 ironbound preservers
  25 very ugly things
  8 stone giants
  3 vampire knights
  5 deep elf demonologists
  15 dire elephants
  2 entropy weavers
  6 spark wasps
  6 deep elf annihilators
  An eidolon (Vaults:2)
  8 ettins
  4 deep elf death magi
  The ghost of Ejaov the Thaumaturge, a journeyman GnWr of Kikubaaqudgha (D:13)
  11 merfolk impalers
  Josephine (Lair:5)
  2 fire dragons
  7 merfolk javelineers
  9 great orbs of eyes
  3 deep elf high priests
  A jiangshi (Elf:1)
  6 hydras
  6 ironbound thunderhulks
  14 yaktaur captains
  4 ice dragons
  Erolcha (D:9)
  A boulder beetle (Spider:4)
  3 rakshasas
  3 caustic shrike simulacra (IceCv)
  4 ogre magi
  3 peacekeepers
  38 vault guards
  5 merfolk avatars
  A spriggan air mage (Depths:3)
  6 merfolk aquamancers
  3 satyrs
  7 ironbound frosthearts
  2 deep troll shamans
  14 centaur warriors
  3 death yaks (Lair:6)
  13 two-headed ogres
  An alligator snapping turtle (Shoals:3)
  5 tengu warriors
  A vampire mage (Elf:1)
  6 deep troll earth magi
  Urug (D:11)
  A shock serpent (shapeshifter) (Vaults:2)
  25 deep elf knights
  5 iron trolls
  13 sea snakes
  2 skeletal warriors
  2 storm dragon skeletons (Vaults:5)
  2 flayed ghosts (Elf:1)
  2 glowing orange brains
  A quicksilver dragon simulacrum (Vaults:5)
  51 deep trolls
  3 bog bodies (IceCv)
  15 wizards
  7 necromancers
  5 phantasmal warriors
  21 ironbound convokers
  14 lindwurms
  26 harpies
  An obsidian statue (IceCv)
  A shadow dragon zombie (Vaults:5)
  A sphinx zombie (Vaults:5)
  12 deep elf archers
  4 orc knights
  45 ugly things
  43 wolf spiders
  11 shining eyes
  25 deep elf zephyrmancers
  24 deep elf pyromancers
  21 orb spiders
  15 fauns
  A tengu skeleton (Vaults:3)
  2 orc sorcerers
  12 manticores
  2 moths of wrath (Spider:4)
  10 cyclopes
  Maurice (D:8)
  14 vault sentinels
  9 merfolk sirens
  A stone giant skeleton (Vaults:5)
  7 elephants
  A frost giant skeleton (Vaults:5)
  A black mamba (Lair:6)
  3 centaur zombies
  5 eyes of devastation
  Maggie (D:6)
  12 water nymphs
  14 cane toads
  3 gargoyles
  A yaktaur zombie (Vaults:5)
  6 komodo dragons
  23 yaktaurs
  An efreet (D:15)
  14 demonic crawlers
  A komodo dragon (shapeshifter) (Vaults:5)
  A rime drake (Lair:5)
  An entropy weaver simulacrum (IceCv)
  Psyche (D:12)
  15 freezing wraiths
  3 golden dragon simulacra (IceCv)
  5 anaconda simulacra (IceCv)
  A queen bee (Spider:4)
  3 tengu conjurers
  11 polar bears
  28 jumping spiders
  2 yaktaur skeletons (Vaults:3)
  45 merfolk
  10 hornets
  3 meliai (Spider:4)
  6 trolls
  9 wind drakes
  7 dream sheep (Shoals:3)
  106 slime creatures
  8 blink frogs
  9 snapping turtles
  A dream sheep (shapeshifter) (Vaults:2)
  A flying skull (Elf:1)
  97 redbacks
  4 wraiths
  A centaur simulacrum (D:15)
  13 spriggans (Lair:6)
  A shadow (D:12)
  46 yaks
  2 vampires
  8 air elementals
  4 dire elephant simulacra (IceCv)
  4 wyverns
  2 fire elementals
  A hog (shapeshifter) (Elf:1)
  2 spriggan simulacra
  23 water elementals
  8 humans (D:13)
  39 tarantellas
  11 golden eyes
  Eustachio (D:6)
  8 basilisks
  5 vampire mosquitoes (D:13)
  Menkaure (D:6)
  4 steam dragons
  2 minotaur simulacra (IceCv)
  4 harpy simulacra
  3 wargs
  8 water moccasins
  Duvessa (D:5)
  37 orc warriors
  A sky beast (D:8)
  4 human zombies
  An ice beast (D:7)
  11 ogres
  6 black bears
  3 alligator simulacra (IceCv)
  10 boggarts
  29 centaurs
  33 wolves
  3 elf simulacra (Elf:1)
  8 kobold brigands
  Blork the orc (D:6)
  A wyvern zombie (D:8)
  8 bullfrogs
  A gnoll sergeant (D:9)
  2 deep troll simulacra (IceCv)
  Dowan (D:5)
  2 scorpions
  2 water moccasin skeletons
  40 killer bees
  6 wights
  A lindwurm simulacrum (IceCv)
  3 electric eels
  5 howler monkeys
  5 hounds
  3 quasits (D:5)
  3 iron imps (D:9)
  4 jellies (D:6)
  15 orc priests
  2 bullfrog skeletons
  2 centaur skeletons
  7 iguanas
  14 orc wizards
  7 hell rats (Lair:6)
  A howler monkey zombie (D:8)
  8 mummies (Ossuary)
  A gnoll (Bailey)
  6 adders
  4 white imps
  2 ufetubi
  An adder skeleton (D:4)
  2 worms
  A dart slug (D:2)
  68 orcs
  13 endoplasms
  5 giant cockroaches
  2 gnoll zombies (Ossuary)
  14 goblins
  10 hobgoblins
  9 jackals
  2 quokkas
  7 ball pythons
  4 bats
  A frilled lizard (D:1)
  2 hobgoblin zombies (Ossuary)
  33 kobolds
  2 kobold zombies (Ossuary)
  2 orc zombies (Ossuary)
  8 rats
  2 bushes (D:1)
  2 lost souls (Elf:1)
2059 creatures vanquished.

Vanquished Creatures (collateral kills)
  Mennas (Vaults:5)
  A tentacled monstrosity (Depths:3)
  A titan (Shoals:4)
  A tengu reaver (Vaults:2)
  A fire giant (Depths:1)
  A stone giant (Depths:1)
  An ironbound preserver (Vaults:2)
  2 spark wasps (Depths:4)
  An ettin (Depths:3)
  An alligator snapping turtle (Shoals:4)
  A deep troll earth mage (Depths:4)
  A tengu warrior (Depths:4)
  An iron troll (Depths:1)
  A spark wasp zombie (Depths:1)
  A flayed ghost (Depths:1)
  A deep troll (Depths:4)
  A deep elf pyromancer (Elf:1)
  A cyclops (Shoals:4)
  An anaconda simulacrum (IceCv)
  A polar bear (Lair:6)
  A tengu simulacrum (Depths:1)
  An ettin zombie (Depths:1)
  2 slime creatures (Vaults:2)
  A water elemental (Shoals:4)
  A hydra simulacrum (IceCv)
  A foxfire (Orc:2)
28 creatures vanquished.

Vanquished Creatures (others)
  26 dancing weapons
  A deep elf pyromancer (Elf:1)
  A manticore (Shoals:1)
  A slime creature (Vaults:2)
  A centaur (Orc:2)
  1320 foxfires
  23 fungi
  A lost soul (Elf:1)
  121 plants
  12 toadstools (D:6)
  2 withered plants (Vaults:3)
1509 creatures vanquished.

Grand Total: 3596 creatures vanquished

Notes
Turn   | Place    | Note
-------+----------+-------------------------------------------
     0 | D:1      | robertstho the Djinni Fire Elementalist began the quest for
                  | the Orb.
     0 | D:1      | Reached XP level 1. HP: 15/15 MP: 0/0
   337 | D:1      | Reached XP level 2. HP: 16/21 MP: 0/0
   800 | D:1      | Reached skill level 3 in Spellcasting
   880 | D:1      | Reached XP level 3. HP: 21/26 MP: 0/0
   880 | D:1      | Learned a level 1 spell: Animate Skeleton
  2166 | D:2      | Found a faded altar of an unknown god.
  2205 | D:2      | Reached XP level 4. HP: 28/31 MP: 0/0
  3604 | D:3      | Reached XP level 5. HP: 30/36 MP: 0/0
  3604 | D:3      | Learned a level 2 spell: Corpse Rot
  3721 | D:3      | Reached skill level 4 in Spellcasting
  3724 | D:3      | Reached skill level 1 in Fighting
  4614 | D:4      | Noticed an ogre
  4619 | D:4      | Killed an ogre
  4620 | D:4      | Reached XP level 6. HP: 35/42 MP: 0/0
  4804 | D:4      | Reached skill level 5 in Spellcasting
  5167 | D:4      | Identified the ring "Sogeshro" {rElec rF+ Int+6 Dex+3
                  | Stlth+}
  5233 | D:5      | Entered Level 5 of the Dungeon
  5252 | D:5      | Reached XP level 7. HP: 16/48 MP: 0/0
  5252 | D:5      | Learned a level 3 spell: Stone Arrow
  5253 | D:5      | Reached skill level 1 in Short Blades
  5504 | D:5      | Found an ornate altar of the Wu Jian Council.
  5507 | D:5      | Found a staircase to the Ecumenical Temple.
  5530 | Temple   | Entered the Ecumenical Temple
  5634 | Temple   | Became a worshipper of Gozag Ym Sagoz the Greedy
  5722 | D:5      | Noticed Dowan
  5723 | D:5      | Noticed Duvessa
  5729 | D:5      | Killed Duvessa
  5730 | D:5      | Killed Dowan
  6331 | D:5      | Reached XP level 8. HP: 53/55 MP: 0/0
  6365 | D:5      | Reached skill level 6 in Spellcasting
  6457 | D:5      | Found a sparkling altar of Nemelex Xobeh.
  6457 | D:5      | Found a snail-covered altar of Cheibriados.
  6463 | D:5      | Found an iron altar of Okawaru.
  6465 | D:5      | Found a shimmering altar of Xom.
  6473 | D:5      | Found a faded altar of an unknown god.
  6763 | D:6      | Noticed Menkaure
  6768 | D:6      | Killed Menkaure
  7069 | D:6      | Noticed a yak
  7069 | D:6      | Noticed a yak
  7071 | D:6      | Found a sand-covered staircase.
  7071 | D:6      | Noticed a yak
  7078 | Ossuary  | Entered an ossuary
  7549 | D:6      | Killed a yak
  7550 | D:6      | Reached skill level 7 in Spellcasting
  7550 | D:6      | Reached XP level 9. HP: 41/61 MP: 0/0
  7550 | D:6      | Learned a level 4 spell: Animate Armour
  7872 | D:6      | Noticed Maggie
  7878 | D:6      | Killed Maggie
  7879 | D:6      | Reached skill level 8 in Spellcasting
  8091 | D:6      | Noticed Blork the orc
  8095 | D:6      | Killed Blork the orc
  8955 | D:6      | Reached XP level 10. HP: 59/68 MP: 0/0
  9010 | D:6      | Reached skill level 9 in Spellcasting
  9391 | D:6      | Noticed Eustachio
  9394 | D:6      | Killed Eustachio
  9612 | D:7      | Reached skill level 10 in Spellcasting
  9869 | D:6      | Bought a scroll of blinking for 127 gold pieces
  9869 | D:6      | Bought a scroll of teleportation for 51 gold pieces
  9869 | D:6      | Bought a scroll of identify for 34 gold pieces
  9869 | D:6      | Bought a scroll of fear for 59 gold pieces
  9907 | D:7      | Found a glowing silver altar of Zin.
 10595 | D:7      | Reached skill level 5 in Fighting
 10873 | D:7      | Found a hazy altar of Hepliaklqana.
 11036 | D:8      | Found a shadowy altar of Dithmenos.
 11328 | D:8      | Upgraded the game from 0.28-a0-595-g9f6c0e134a to
                  | 0.28-a0-612-gcfc00ec14d
 11444 | D:8      | Found a bloodstained altar of Trog.
 11564 | D:8      | Noticed Maurice
 11572 | D:8      | Killed Maurice
 11573 | D:8      | Reached XP level 11. HP: 40/76 MP: 0/0
 11573 | D:8      | Learned a level 4 spell: Iskenderun's Mystic Blast
 12251 | D:9      | Reached skill level 11 in Spellcasting
 12251 | D:9      | Noticed an elephant
 12257 | D:9      | Noticed Erolcha
 12265 | D:9      | Killed an elephant
 12561 | D:9      | Killed Erolcha
 12635 | D:9      | Found a staircase to the Lair.
 12645 | D:9      | Found a staircase to the Orcish Mines.
 12647 | D:9      | Found Wutsytut's Armour Shoppe.
 12690 | D:9      | Bought the +3 crown of Dyrovepreva {rElec Int+2 SInv} for
                  | 621 gold pieces
 12690 | D:9      | Found the +3 crown of Dyrovepreva {rElec Int+2 SInv}
 12728 | D:9      | Found a burning altar of Makhleb.
 12775 | D:9      | Found a stormy altar of Qazlal.
 12888 | D:9      | Noticed a two-headed ogre
 12894 | D:9      | Killed a two-headed ogre
 13042 | D:9      | Noticed a two-headed ogre
 13050 | D:9      | Killed a two-headed ogre
 13096 | D:9      | Reached skill level 12 in Spellcasting
 13622 | D:10     | Entered Level 10 of the Dungeon
 13642 | D:10     | Found Horchaem's Humungous Hoard.
 13650 | D:10     | Bought a potion of heal wounds for 55 gold pieces
 13749 | D:10     | Found a broken altar of Ashenzari.
 14305 | D:11     | Noticed a cyclops
 14315 | D:11     | Killed a cyclops
 14397 | D:11     | Noticed a centaur warrior
 14404 | D:11     | Reached XP level 12. HP: 69/83 MP: 0/0
 14405 | D:11     | Killed a centaur warrior
 14464 | D:11     | Noticed a two-headed ogre
 14473 | D:11     | Killed a two-headed ogre
 14709 | D:11     | You are sucked into a shaft and drop 3 floors!
 14797 | D:13     | Reached skill level 13 in Spellcasting
 14815 | D:13     | Noticed a two-headed ogre
 14821 | D:13     | Killed a two-headed ogre
 14984 | D:11     | Noticed a two-headed ogre
 14988 | D:11     | Killed a two-headed ogre
 15206 | D:11     | Noticed Urug
 15219 | D:11     | Killed Urug
 15455 | Lair:1   | Entered Level 1 of the Lair of Beasts
 16051 | Lair:2   | Reached skill level 14 in Spellcasting
 16053 | Lair:2   | Reached XP level 13. HP: 74/90 MP: 0/0
 16053 | Lair:2   | Learned a level 5 spell: Iskenderun's Battlesphere
 16073 | Lair:2   | Identified the ring of Emmuy {AC+4 Str+2}
 16225 | Lair:2   | Found a hole to the Spider Nest.
 16340 | Lair:2   | Found a staircase to the Shoals.
 16928 | Lair:3   | Identified the +0 leather armour of Gozag's Inspiration
                  | {rElec rN+ Str+6}
 17104 | Lair:3   | Reached skill level 15 in Spellcasting
 17475 | Lair:4   | Noticed a six-headed hydra
 17476 | Lair:4   | Reached skill level 1 in Shields
 17483 | Lair:4   | Killed a six-headed hydra
 17510 | Lair:4   | Noticed a four-headed hydra
 17519 | Lair:4   | Killed a four-headed hydra
 17841 | Lair:4   | Reached skill level 5 in Dodging
 18010 | Lair:5   | Noticed a six-headed hydra
 18020 | Lair:5   | Killed a six-headed hydra
 18329 | Lair:5   | Reached XP level 14. HP: 78/98 MP: 0/0
 18388 | Lair:5   | Found the +3 warlock's mirror {reflect}
 18503 | Lair:5   | Noticed Josephine
 18513 | Lair:5   | Killed Josephine
 19117 | Lair:6   | Entered Level 6 of the Lair of Beasts
 19144 | Lair:6   | Reached skill level 16 in Spellcasting
 19291 | Lair:6   | Reached skill level 5 in Stealth
 19709 | Lair:6   | Found a staircase to the Slime Pits.
 20602 | Orc:1    | Entered Level 1 of the Orcish Mines
 20602 | Orc:1    | Found Zon Byhiu's Antique Weapon Emporium.
 20713 | Orc:1    | Found a flagged portal.
 20732 | Bailey   | Entered a bailey
 20748 | Bailey   | Noticed an orc warlord
 20841 | Bailey   | Found a runed translucent gate.
 20841 | Bailey   | Found a runed translucent gate.
 20843 | Bailey   | Found a runed translucent gate.
 21068 | Bailey   | Killed an orc warlord
 21069 | Bailey   | Reached skill level 17 in Spellcasting
 21069 | Bailey   | Reached XP level 15. HP: 92/105 MP: 0/0
 21069 | Bailey   | Learned a level 6 spell: Dispersal
 21092 | Bailey   | Identified the +4 hand crossbow "Hoere" {elec, Int+3}
 21223 | Orc:1    | Acquired a scarf of resistance
 21225 | Orc:1    | Acquired 847 gold pieces
 21227 | Orc:1    | Acquired 825 gold pieces
 21234 | Orc:2    | Entered Level 2 of the Orcish Mines
 21281 | Orc:2    | Found a dark tunnel.
 21376 | Orc:2    | Found Uley's Antique Armour Shop.
 21510 | Orc:2    | Found a staircase to the Elven Halls.
 21545 | Orc:2    | Found Luigi Vowk's Antique Weapon Shop.
 21545 | Orc:2    | Found Hezisalu's Weapon Emporium.
 21550 | Orc:2    | Found Axeaf's Weapon Shoppe.
 21554 | Orc:2    | Found Vett's Weapon Boutique.
 22424 | Lair:5   | Bought a steaming troll leather armour for 660 gold pieces
 22424 | Lair:5   | Identified the +0 troll leather armour "Biha" {Harm Regen+}
                  | (You bought it in a shop on level 5 of the Lair of Beasts)
 22424 | Lair:5   | Bought a pair of embroidered gloves for 247 gold pieces
 22533 | Spider:1 | Entered Level 1 of the Spider Nest
 22535 | Spider:1 | Noticed a ghost moth
 22543 | Spider:1 | Killed a ghost moth
 22846 | Spider:1 | Noticed a ghost moth
 22853 | Spider:1 | Killed a ghost moth
 22854 | Spider:1 | Reached skill level 18 in Spellcasting
 23271 | Spider:2 | Reached skill level 1 in Armour
 23384 | Spider:2 | Reached XP level 16. HP: 90/113 MP: 0/0
 23392 | Spider:2 | Reached skill level 10 in Fighting
 23393 | Spider:2 | Noticed Arachne
 23401 | Spider:2 | Noticed Aizul
 23411 | Spider:2 | Killed Aizul
 23428 | Spider:2 | Killed Arachne
 23565 | Spider:2 | Found a large runed translucent door.
 23565 | Spider:2 | Noticed a vault warden
 23566 | Spider:2 | Found a large runed translucent door.
 23566 | Spider:2 | Noticed speeev33's ghost (adept MiBe)
 23846 | Spider:2 | Reached skill level 1 in Evocations
 24157 | Spider:2 | Acquired 775 gold pieces
 24159 | Spider:2 | Acquired 676 gold pieces
 24390 | Spider:3 | Reached skill level 19 in Spellcasting
 24780 | Spider:3 | Noticed Donald
 24792 | Spider:3 | Killed Donald
 25054 | Spider:4 | Entered Level 4 of the Spider Nest
 25060 | Spider:4 | Noticed Bai Suzhen
 25069 | Spider:4 | Reached XP level 17. HP: 84/120 MP: 0/0
 25069 | Spider:4 | Learned a level 6 spell: Eringya's Noxious Bog
 25511 | Spider:4 | Reached skill level 20 in Spellcasting
 25638 | Spider:4 | Killed Bai Suzhen
 25975 | Spider:4 | Acquired a manual of Dodging
 26112 | Spider:4 | Got a gossamer rune of Zot
 26214 | Spider:4 | Bought a scroll of teleportation for 48 gold pieces
 26214 | Spider:4 | Bought a scroll of identify for 32 gold pieces
 26214 | Spider:4 | Bought a scroll of fear for 56 gold pieces
 26214 | Spider:4 | Bought a scroll of identify for 32 gold pieces
 26214 | Spider:4 | Bought a potion of magic for 128 gold pieces
 26214 | Spider:4 | Bought a potion of curing for 48 gold pieces
 26221 | Spider:4 | Bought the +11 chain mail of Springtime {+Blink MP+9} for
                  | 1201 gold pieces
 26339 | Shoals:1 | Entered Level 1 of the Shoals
 26449 | Orc:2    | Bought the +6 long sword of Ralaoq {spect, Int+8 Dex-5
                  | Stlth+} for 822 gold pieces
 26939 | Shoals:1 | Reached XP level 18. HP: 112/128 MP: 0/0
 27041 | Shoals:1 | Found Gulas's Jewellery Shoppe.
 27094 | Shoals:1 | Reached skill level 1 in Long Blades
 29109 | Shoals:3 | HP: 4/128 [merfolk impaler (5)]
 29611 | Shoals:3 | Reached skill level 21 in Spellcasting
 30082 | Shoals:3 | Reached skill level 5 in Armour
 30431 | Shoals:4 | Entered Level 4 of the Shoals
 30431 | Shoals:4 | Found a stormy altar of Qazlal.
 30539 | Shoals:4 | Paralysed by an air elemental for 1 turns
 30812 | Shoals:4 | Reached XP level 19. HP: 70/135 MP: 0/0
 30812 | Shoals:4 | Learned a level 7 spell: Spellforged Servitor
 31007 | Shoals:4 | Identified the ring of Utzurrua {Fly AC+4 Str+3}
 31015 | Shoals:4 | Noticed a titan
 31068 | Shoals:4 | Killed a titan
 31209 | Shoals:4 | Got a barnacled rune of Zot
 31293 | Shoals:4 | Paralysed by an air elemental for 1 turns
 31390 | Shoals:4 | Found a hazy altar of Hepliaklqana.
 31432 | Shoals:4 | Paralysed by an air elemental for 1 turns
 31453 | Shoals:4 | Paralysed by an air elemental for 1 turns
 32035 | Elf:1    | Entered Level 1 of the Elven Halls
 32042 | Elf:1    | Reached skill level 22 in Spellcasting
 32269 | Elf:1    | Found a frozen archway.
 32302 | IceCv    | Entered an ice cave
 32719 | IceCv    | Found the +3 pair of seven-league boots {Rampage+∞}
 32790 | IceCv    | Noticed a lich
 32801 | IceCv    | Killed a lich
 32906 | IceCv    | Identified the ring "Gyton" {rN+ MP+9 Dex-5 SInv Stlth+}
 33294 | Elf:1    | Reached XP level 20. HP: 55/142 MP: 0/0
 34735 | D:12     | Noticed Psyche
 34742 | D:12     | Killed Psyche
 34878 | D:12     | Identified the +3 short sword of Noon {antimagic, rN+ Str+8
                  | Int-4}
 35061 | D:13     | Found a runed translucent gate.
 35062 | D:13     | Found a runed translucent gate.
 35063 | D:13     | Found a runed translucent gate.
 35063 | D:13     | Noticed Ejaov's ghost (journeyman GnWr)
 35111 | D:13     | Found the amulet of the Four Winds {rN+ Will+++ Clar}
 35361 | D:13     | Found a gate to the Vaults.
 35367 | D:13     | Identified the +2 kite shield of the Evening {Contam Harm
                  | Int+2 Dex+2}
 35371 | D:13     | Identified the +1 great mace of Duor {drain, Str+4}
 35494 | D:13     | Killed Ejaov's ghost
 35495 | D:13     | Reached skill level 23 in Spellcasting
 35507 | D:13     | Identified the ring "Hevveohe" {Fire Will+ Str+6 Int+3}
 35516 | D:13     | Identified the +4 ring mail "Ydweosof" {rF+ Slay+2}
 36084 | D:14     | Found Zaraurch's Magic Scroll Shop.
 36087 | D:14     | Bought a scroll of teleportation for 42 gold pieces
 36087 | D:14     | Bought a scroll of identify for 28 gold pieces
 36087 | D:14     | Bought a scroll of fog for 28 gold pieces
 36087 | D:14     | Bought a scroll of fog for 28 gold pieces
 36087 | D:14     | Bought a scroll of teleportation for 42 gold pieces
 36087 | D:14     | Bought a scroll of magic mapping for 49 gold pieces
 36087 | D:14     | Bought a scroll of summoning for 133 gold pieces
 36087 | D:14     | Bought a scroll of identify for 28 gold pieces
 36087 | D:14     | Bought a scroll of identify for 28 gold pieces
 36512 | D:15     | Entered Level 15 of the Dungeon
 36766 | D:15     | Found a staircase to the Depths.
 37454 | Vaults:1 | Entered Level 1 of the Vaults
 37960 | Vaults:1 | Reached XP level 21. HP: 141/149 MP: 0/0
 37960 | Vaults:1 | Learned a level 8 spell: Ignition
 38177 | Vaults:1 | Found Veyxul's General Store.
 38185 | Vaults:1 | Bought a scroll of teleportation for 57 gold pieces
 38185 | Vaults:1 | Bought a potion of curing for 57 gold pieces
 38185 | Vaults:1 | Bought a potion of heal wounds for 95 gold pieces
 38453 | Vaults:1 | Reached skill level 5 in Shields
 38664 | Vaults:1 | Noticed Asterion
 38687 | Vaults:1 | Killed Asterion
 40031 | Vaults:2 | Found a staircase to the Crypt.
 40807 | Vaults:2 | Reached skill level 24 in Spellcasting
 42055 | Vaults:2 | Paralysed by a floating eye for 3 turns
 43526 | Vaults:3 | Reached XP level 22. HP: 139/157 MP: 0/0
 43644 | Vaults:3 | Noticed Xtahua
 45277 | Vaults:3 | Found a runed translucent door.
 45280 | Vaults:3 | Noticed garrulousMonolith's ghost (veteran GnFi)
 45487 | Vaults:3 | Killed Xtahua
 45815 | Vaults:3 | Found a transporter.
 45817 | Vaults:3 | Found a transporter.
 45832 | Vaults:3 | Found a transporter.
 45850 | Vaults:3 | Found a transporter.
 45850 | Vaults:3 | Found a transporter.
 45855 | Vaults:3 | Reached skill level 25 in Spellcasting
 47219 | Vaults:4 | Noticed Saint Roka
 47225 | Vaults:4 | Killed Saint Roka
 48223 | Vaults:4 | Reached XP level 23. HP: 141/164 MP: 0/0
 48223 | Vaults:4 | Learned a level 7 spell: Summon Hydra
 48860 | Vaults:5 | Entered Level 5 of the Vaults
 49226 | Vaults:5 | Reached skill level 26 in Spellcasting
 50347 | Vaults:4 | Found a transporter.
 50359 | Vaults:4 | Found a transporter.
 52239 | Vaults:5 | Reached XP level 24. HP: 125/172 MP: 0/0
 54397 | Vaults:5 | Noticed Mennas
 54433 | Vaults:5 | Killed Mennas
 54434 | Vaults:5 | Reached skill level 15 in Fighting
 54802 | Vaults:5 | Identified the ring "Jymneali" {rF++ Str+6 Int+5 Dex-4}
 55695 | Vaults:5 | Identified the +6 spear "Ybrocriuw" {drain, rPois}
 56088 | Vaults:5 | Identified the +4 glaive "Pytaf" {pain, Will+ Str+2 Dex+3
                  | SInv}
 56457 | Vaults:5 | Got a silver rune of Zot
 57892 | Elf:2    | Found a transporter.
 57898 | Elf:2    | Noticed iamoutofideas's ghost (adept HOGl)
 57937 | Elf:2    | Found a bloodstained altar of Trog.
 57953 | Elf:2    | Found Quviopusch's Armour Boutique.
 57970 | Elf:2    | Found a transporter.
 58004 | Elf:2    | Reached skill level 27 in Spellcasting
 58352 | Elf:2    | Found a runed translucent gate.
 58353 | Elf:2    | Found a runed translucent gate.
 58353 | Elf:2    | Found a runed translucent gate.
 59531 | Elf:3    | Entered Level 3 of the Elven Halls
 59664 | Elf:3    | Noticed Nikola
 59666 | Elf:3    | Identified the +0 leather armour "Wuemol" {Harm rPois rF-
                  | rCorr}
 59674 | Elf:3    | Reached skill level 10 in Armour
 59674 | Elf:3    | Reached XP level 25. HP: 60/181 MP: 0/0
 59674 | Elf:3    | Learned a level 8 spell: Summon Horrible Things
 60151 | Elf:3    | Found Dudyalin's Armour Boutique.
 60556 | Elf:3    | Identified the +6 leather armour of Tusyxof {rN+ Dex+4
                  | Slay-6}
 60571 | Elf:3    | Killed Nikola
 60574 | Elf:3    | Identified the +0 plate armour "Huceogy" {rC+++ rCorr Str-2
                  | Dex-4}
 60574 | Elf:3    | Identified the ring of Dawn {rC+ Will- rCorr Dex+2 SInv
                  | Stlth+}
 60969 | Elf:3    | Identified the +1 shadow dragon scales of Byiss {rPois rN+
                  | Stlth++++}
 61175 | Elf:3    | Identified the +0 leather armour of Insurance {Harm rElec
                  | Slay+5}
 61177 | Elf:3    | Identified the +1 mace of Light {spect, Str+2 Stlth+}
 61178 | Elf:3    | Identified the +7 lajatang of the Distant Future {vorpal,
                  | rC++}
 61188 | Elf:3    | Identified the +1 short sword "Qutaopot" {antimagic, Str+6}
 61193 | Elf:3    | Acquired a scarf of repulsion
 61220 | Elf:3    | Identified the amulet "Goces" {Faith Will+ Stlth+}
 61220 | Elf:3    | Identified the amulet "Eptiur" {Reflect rC+ rN+ Will++
                  | Str+2 SH+5}
 61451 | Elf:3    | Identified the +0 robe of the Blizzard {Regen+}
 61688 | Slime:1  | Entered Level 1 of the Pits of Slime
 62882 | Slime:1  | Gained mutation: You sometimes lose the ability to read
                  | scrolls when taking damage. [a shining eye]
 64173 | Slime:3  | Reached skill level 5 in Long Blades
 64205 | Slime:3  | HP: 10/274 [acid blob (5)]
 64207 | Slime:3  | HP: 4/274 [acid blob (7)]
 64773 | Slime:3  | You are sucked into a shaft and drop 1 floor!
 66759 | Slime:4  | Lost mutation: You sometimes lose the ability to read
                  | scrolls when taking damage. [potion of mutation]
 66759 | Slime:4  | Gained mutation: You possess an exceptional clarity of
                  | mind. [potion of mutation]
 66759 | Slime:4  | Gained mutation: You are clumsy. (Dex -2) [potion of
                  | mutation]
 66759 | Slime:4  | Gained mutation: You occasionally shout uncontrollably at
                  | your foes. [potion of mutation]
 66759 | Slime:4  | Gained mutation: You expend health (3 HP) to strengthen
                  | your wands. [potion of mutation]
 66776 | Slime:5  | Entered Level 5 of the Pits of Slime
 67216 | Slime:5  | Noticed the Royal Jelly
 67222 | Slime:5  | Killed the Royal Jelly
 67845 | Slime:5  | Gained mutation: You sometimes lose the ability to read
                  | scrolls when taking damage. [a shining eye]
 69052 | Slime:5  | Identified the +1 helmet "Doh Reda" {Rampage MP+9}
 69060 | Slime:5  | Identified the ring of Xom's Bemusement {EV+4 Str+4 Int-3}
 69067 | Slime:5  | Identified the +5 swamp dragon scales "Sufel" {rPois Dex+2}
 69097 | Slime:5  | Got a slimy rune of Zot
 69458 | Slime:4  | Noticed Dissolution
 69465 | Slime:4  | Killed Dissolution
 70485 | Depths:1 | Entered Level 1 of the Depths
 70494 | Depths:1 | Reached XP level 26. HP: 150/191 MP: 0/0
 70718 | Depths:1 | Found Ilaacvak's Antique Weapon Boutique.
 70791 | D:15     | Lost mutation: You are clumsy. (Dex -2) [potion of
                  | mutation]
 70791 | D:15     | Gained mutation: You are partially covered in iridescent
                  | scales. (AC +2) [potion of mutation]
 70791 | D:15     | Gained mutation: You are weak. (Str -2) [potion of
                  | mutation]
 70791 | D:15     | Gained mutation: You have hidden genetic potential. [potion
                  | of mutation]
 70792 | D:15     | Lost mutation: You are weak. (Str -2) [potion of mutation]
 70792 | D:15     | Lost mutation: You occasionally shout uncontrollably at
                  | your foes. [potion of mutation]
 70792 | D:15     | Gained mutation: You are frail. (-10% HP) [potion of
                  | mutation]
 70792 | D:15     | Gained mutation: You occasionally shout uncontrollably at
                  | your foes. [potion of mutation]
 70792 | D:15     | Lost mutation: You have hidden genetic potential. [potion
                  | of mutation]
 70792 | D:15     | Gained mutation: You have a pair of small antennae on your
                  | head. [potion of mutation]
 70793 | D:15     | Lost mutation: You expend health (3 HP) to strengthen your
                  | wands. [potion of mutation]
 70793 | D:15     | Lost mutation: You are partially covered in iridescent
                  | scales. (AC +2) [potion of mutation]
 70793 | D:15     | Gained mutation: Your movements are slightly less
                  | encumbered by armour. (ER -2) [potion of mutation]
 70794 | D:15     | Lost mutation: Your movements are slightly less encumbered
                  | by armour. (ER -2) [potion of mutation]
 70794 | D:15     | Lost mutation: You have a pair of small antennae on your
                  | head. [potion of mutation]
 70794 | D:15     | Gained mutation: You expend health (3 HP) to strengthen
                  | your wands. [potion of mutation]
 70794 | D:15     | Gained mutation: You are dopey. (Int -2) [potion of
                  | mutation]
 70794 | D:15     | Gained mutation: Your muscles are strong. (Str +2) [potion
                  | of mutation]
 72127 | Depths:1 | Found a gateway to Hell.
 72228 | Depths:1 | Found a sacrificial altar of Ru.
 72338 | Depths:1 | Bought an iridescent long sword for 229 gold pieces
 72338 | Depths:1 | Identified the +5 long sword of Articulation {vamp, rElec
                  | Str+3 Int-2 Dex+5} (You bought it in a shop on level 1 of
                  | the Depths)
 72343 | Depths:1 | Bought a scroll of summoning for 190 gold pieces
 72343 | Depths:1 | Bought a scroll of acquirement for 1040 gold pieces
 72343 | Depths:1 | Bought a scroll of summoning for 190 gold pieces
 72344 | Depths:1 | Acquired 1156 gold pieces
 73614 | Depths:2 | Found a gateway to a ziggurat.
 73970 | Depths:2 | You are sucked into a shaft and drop 2 floors!
 73970 | Depths:4 | Entered Level 4 of the Depths
 74362 | Depths:3 | Reached skill level 15 in Armour
 74501 | Depths:3 | Killed from afar by an ice dragon

Illustrated notes

Levels and vault maps discovered:
D:1:      lightli_arrival_flooded_house, layout_rooms, serial_forest,
          infiniplex_forest_end_1, infiniplex_forest_clump_small,
          infiniplex_forest_zigzag_1, infiniplex_forest_straight_4,
          infiniplex_forest_clump_medium, infiniplex_forest_end_2,
          infiniplex_forest_lined_2, infiniplex_forest_end_2,
          infiniplex_forest_corner_1
D:2:      kennysheep_six_static_rooms, layout_basic,
          shapermc_ecumenical_altar_rom_forum, serial_bayou_lake_a
D:3:      layout_rooms
D:4:      layout_cave_pods, dk_noncrumbling_2, kennysheep_generic_room_11
D:5:      cheibrodos_quashed, layout_basic, mainiacjoe_overflow_paths,
          chequers_temple_overflow_minitemple, temple_pool_b, uniq_duvessa
D:6:      cheibrodos_fertilizer, layout_loops_cross,
          nicolae_kikubaaqudgha_miasma_corner, chequers_ossuary_entry_cave,
          uniq_menkaure, uniq_eustachio, uniq_blork_the_orc, uniq_maggie
D:7:      layout_loops_corners, marbit_many_paths, mainiacjoe_overflow_alcove_1,
          grunt_ministairs_1, hangedman_abyss_or_decor_stagger,
          minmay_misc_feat_square, minivault_26, feat_on_display
D:8:      layout_loops_corners, mainiacjoe_overflow_24_doors,
          mainiacjoe_overflow_chevrons, uniq_maurice
D:9:      layout_basic, grunt_qazlal_clouds, demons_altar, david_lair_generic,
          orc_david_3, minmay_increasing_density, uniq_erolcha
D:10:     layout_stronghold, evilmike_ruin_ashenzari, nicolae_alphabet_shops
D:11:     layout_gridville, lemuel_blue_sif_altar, uniq_urug
D:12:     layout_long_grid, uniq_psyche
D:13:     layout_cave_pools, ximxim_vaults_locker_room, gammafunk_ghost_crypt
D:14:     layout_loops_corners, minmay_staircase_windowed_large, serial_shops,
          kennysheep_mini_moat
D:15:     grunt_enter_depths_magical_seal, layout_irregular_city
Temple:   jpeg_temple_island
Lair:1:   layout_loops_ring, grunt_megastairs_3
Lair:2:   layout_cave_shapes, minmay_shoals_entry_hut, spider_nest_entry_webs
Lair:3:   layout_roguey, grunt_megastairs_4
Lair:4:   layout_hall_layers
Lair:5:   layout_cave_pods, grunt_megastairs_5, uniq_josephine
Lair:6:   minmay_lair_end_enchanted_forest, layout_small_grid, slime_dummy,
          serial_bayou_pond_e, cheibrodos_lair_lostbears, lemuel_fruit_tree
Shoals:1: layout_shoals, serial_shops, shop
Shoals:2: layout_shoals, nicolae_shoals_nautilus_by_nature
Shoals:3: layout_shoals, nicolae_shoals_isolated_beach
Shoals:4: shoals_end_hellmonk_storm_palace [storm_palace_center_ruins,
          storm_palace_corner_altar, storm_palace_corner_altar,
          storm_palace_corner_pillars, storm_palace_corner_reverse_hut]
Spider:1: layout_spider_delve
Spider:2: layout_spider_delve, advil_vaults_ghost_guards,
          spiders_nest_spider_trap, uniq_arachne, uniq_aizul
Spider:3: layout_spider_delve, uniq_donald
Spider:4: grunt_spider_rune_island, special_room [special_room_bee],
          hangedman_spider_tarantella_strand, uniq_bai_suzhen
Slime:1:  layout_caves
Slime:2:  layout_caves
Slime:3:  cheibrodos_slime_lost_civilization_3, layout_caves
Slime:4:  layout_caves, uniq_dissolution
Slime:5
Orc:1:    layout_diamond_mine, serial_shops, nicolae_shop_stone, enter_bailey_5
Orc:2:    st_orc_rangers, layout_diamond_mine, nicolae_volcano_entry_vermiform,
          serial_shops, nicolae_shop_stone, abandoned_shop, minmay_orc_temple_b
Elf:1:    minmay_elf_arrival_circle, layout_geoelf_grid,
          portal_ice_cave_entry_pillars_three, minmay_elf_annihilation,
          nicolae_elf_deep_mausoleum
Elf:2:    nicolae_elf_blades_crystal_corner, layout_geoelf_diagonals,
          serial_shops, nicolae_shop_window_shopping,
          gammafunk_ghost_wrathful_warriors
Elf:3:    minmay_elf_hall, layout_geoelf_octagon, serial_shops,
          nicolae_shop_trees, uniq_nikola
Vaults:1: nicolae_vaults_little_squares_5, nicolae_vaults_alarming,
          hangedman_vaults_trim, v_misc_11, vaults_room_grunt_arrival_ludios,
          nicolae_vaults_little_ls, vaults_room_guarded_vault,
          vaults_dpeg_hooks, nicolae_vaults_little_squares_6,
          layout_vaults_omnigrid, serial_shops, nicolae_lakefront_shop,
          uniq_asterion
Vaults:2: nicolae_vaults_inception_scallops, vaults_room_grid, st_octagons_1,
          hangedman_vaults_stitches, grunt_vaults_trifunnel, vaults_dpeg_doors,
          minmay_crypt_entry_simple_corners, layout_vaults_ring
Vaults:3: gammafunk_ghost_grave, gammafunk_the_bubble
          [the_bubble_gammafunk_roulette], vaults_room_semicircle,
          v_alt_pattern_4, hangedman_vaults_hat, vaults_room_stairs_pillars,
          ontoclasm_vaults_eye, nicolae_vaults_shelves_hall,
          hangedman_vaults_stagger, vaults_room_boxed,
          nicolae_vaults_border_crossing, dpeg_vaults_monster_box,
          layout_vaults_big_cross, uniq_xtahua
Vaults:4: grunt_vaults_hallway_long, nicolae_vaults_sealed_display, v_misc_18,
          nicolae_vaults_inception_corners, ontoclasm_vaults_hangar,
          ontoclasm_vaults_hangar, nicolae_vaults_network_square, v_misc_26,
          gammafunk_sealed_arena, nicolae_vaults_rhombus_5,
          vaults_standard_mumra_x, grunt_vaults_hallway_short,
          vaults_room_stairs_pillars, vaults_dpeg_diagonal,
          layout_vaults_chaotic_city, uniq_saint_roka
Vaults:5: serial_shops, uniq_mennas
Depths:1: layout_basic, nrook_mini_vaults, pf_hell_entry_great_geh,
          nicolae_ru_path_of_blood, minmay_shop_star
Depths:2: cheibrodos_poisonous_passages, layout_cave_pools, enter_ziggurat_c,
          rand_demon_pan_entry_5, patterned_corridor, hell_entry,
          serial_bayou_shore_b
Depths:3: minmay_triangles_in_corner, layout_cave_pools,
          nicolae_abyss_entry_one_way_or_another, lightli_too_deep,
          grunt_pan_entry_sceptre, serial_bayou_shore_a
Depths:4: grunt_zot_entry_hairpin, layout_cave_pools, serial_co_window_serial,
          co_window_paths_a, co_window_corner_a, co_window_paths_a,
          co_window_paths_b, co_window_paths_a, co_window_broadway_b,
          co_window_cross_3, co_window_unsneaky_path_e,
          co_window_of_opportunity_b, co_window_unsneaky_path_a,
          glass_columns_c, glass_columns_a, glass_columns_a,
          rand_demon_pan_entry_4, hell_entry, serial_bayou_shore_b,
          abyss_entry_glasseish

Skill      XL: |  1  2  3  4  5  6  7  8  9 10 11 12 13 14 15 16 17 18 19 20 21 22 23 24 25 26 |
---------------+-------------------------------------------------------------------------------+-----
Spellcasting   | 3 4 5 7 8 10 12 14 15 17 18 19 20 21 22 23 24 25 26 27 | 27.0
Fighting       | 1 2 3 4 5 6 7 8 9 10 11 12 13 14 16 17 | 17.9
Stealth        | 2 3 4 5 6 |  6.6
Short Blades   | 1 2 3 |  3.8
Dodging        | 3 4 5 6 7 8 9 |  9.1
Shields        | 1 2 3 4 5 6 7 |  7.9
Armour         | 1 2 3 5 6 7 8 10 13 15 | 15.1
Evocations     | 1 |  1.7
Long Blades    | 2 3 4 5 6 |  6.8

Action                   |  1- 3 |  4- 6 |  7- 9 | 10-12 | 13-15 | 16-18 | 19-21 | 22-24 | 25-27 || total
-------------------------+-------+-------+-------+-------+-------+-------+-------+-------+-------++-------
Melee: Short sword       |    52 |    33 |     6 |     7 |    54 |    22 |       |       |       ||   174
       Long sword        |       |       |       |       |       |    69 |    69 |    33 |    44 ||   215
 Cast: Foxfire           |    97 |    46 |    58 |    11 |   110 |   314 |    91 |     6 |       ||   733
       Scorch            |       |    34 |    23 |    68 |    14 |    33 |   101 |     8 |     7 ||   288
       Flame Wave        |       |     1 |     9 |    14 |     1 |    10 |    45 |       |       ||    80
       Stone Arrow       |       |       |    32 |   118 |    76 |     1 |     9 |    46 |    26 ||   308
       Iskenderun's Myst |       |       |       |    44 |   307 |   405 |   409 |   250 |    84 ||  1499
       Iskenderun's Batt |       |       |       |       |    25 |    19 |    16 |     8 |     9 ||    77
       Animate Armour    |       |       |       |       |     3 |       |     8 |     3 |       ||    14
       Dispersal         |       |       |       |       |     1 |     2 |     1 |       |     6 ||    10
       Spellforged Servi |       |       |       |       |       |       |     6 |     3 |     1 ||    10
       Ignition          |       |       |       |       |       |       |    54 |   226 |   261 ||   541
       Summon Hydra      |       |       |       |       |       |       |       |     4 |     3 ||     7
       Summon Horrible T |       |       |       |       |       |       |       |       |     8 ||     8
Invok: Call Merchant     |       |       |       |     1 |     1 |     2 |       |       |     3 ||     7
       Potion Petition   |       |       |       |       |       |       |     2 |     6 |    13 ||    21
Evoke: Wand              |       |       |       |       |     4 |    11 |       |     1 |       ||    16
       Lightning rod     |       |       |       |       |       |     1 |       |       |       ||     1
       Condenser vane    |       |       |       |       |       |       |     1 |       |       ||     1
  Use: Scroll            |       |     4 |     3 |     5 |     6 |    12 |    13 |     2 |     4 ||    49
       Potion            |       |       |       |     2 |     4 |     5 |     5 |       |    11 ||    27
 Stab: Sleeping          |       |     1 |       |       |     3 |     3 |       |       |       ||     7
       Invisible         |       |       |       |     1 |       |       |       |       |       ||     1
       Distracted        |       |       |       |       |     1 |     3 |     2 |       |     1 ||     7
Armor: Robe              |       |     8 |     3 |       |       |       |       |       |       ||    11
       Steam dragon scal |       |       |       |    23 |    74 |       |       |       |       ||    97
       Troll leather arm |       |       |       |       |    10 |    52 |       |       |       ||    62
       Chain mail        |       |       |       |       |       |   199 |   286 |   160 |    80 ||   725
Dodge: Dodged            |     3 |    43 |    23 |    68 |   122 |   155 |    96 |    76 |    45 ||   631
       Repelled          |       |       |       |       |       |       |       |       |     8 ||     8
Block: Buckler           |       |       |       |     6 |    35 |   162 |   144 |    96 |    42 ||   485
       Reflection        |       |       |       |       |       |    46 |    28 |    31 |    12 ||   117

Table legend: (Time is in decaauts)
 A = Elapsed time spent in this place.
 B = Non-inter-level travel time spent in this place.
 C = Inter-level travel time spent in this place.
 D = Time resting spent in this place.
 E = Time spent auto-exploring this place.
 F = Levels seen in this place.
 G = Mean time per level.
                   A        B        C        D        E       F      G
               +--------+--------+--------+--------+--------+-----+--------+
         Total |  74569 |  70626 |   3943 |  12219 |  48259 |  52 | 1434.0 |
       Dungeon |  19206 |  18050 |   1156 |   1518 |  14247 |  15 | 1280.4 |
        Temple |    145 |    104 |     41 |      0 |     89 |   1 |  145.0 |
          Lair |   6175 |   5361 |    814 |    360 |   4183 |   6 | 1029.2 |
        Shoals |   5101 |   4804 |    297 |    256 |   3270 |   4 | 1275.2 |
   Spider Nest |   3770 |   3574 |    196 |     87 |   2602 |   4 |  942.5 |
    Slime Pits |   8235 |   8134 |    101 |   2956 |   4493 |   5 | 1647.0 |
  Orcish Mines |   1786 |   1447 |    339 |     96 |    864 |   2 |  893.0 |
   Elven Halls |   5783 |   5392 |    391 |   1084 |   3453 |   3 | 1927.7 |
        Vaults |  19246 |  18703 |    543 |   4947 |  11922 |   5 | 3849.2 |
        Depths |   3529 |   3468 |     61 |    744 |   2278 |   4 |  882.2 |
       Ossuary |    446 |    446 |      0 |      0 |    361 |   1 |  446.0 |
        Bailey |    367 |    367 |      0 |      0 |    207 |   1 |  367.0 |
      Ice Cave |    772 |    772 |      0 |    169 |    290 |   1 |  772.0 |
               +--------+--------+--------+--------+--------+-----+--------+

Top non-repeatable levels by time:
Vaults:4: 6377 daAuts
Vaults:2: 4375 daAuts
Vaults:3: 3412 daAuts
Vaults:5: 2742 daAuts
     D:6: 2593 daAuts
 Slime:4: 2507 daAuts
   Elf:2: 2503 daAuts
Vaults:1: 2337 daAuts
Depths:1: 2134 daAuts
   Elf:1: 1971 daAuts
 Slime:3: 1861 daAuts
  Lair:6: 1795 daAuts
     D:2: 1671 daAuts
     D:8: 1595 daAuts
 Slime:2: 1530 daAuts
